 Dungeon Crawl Stone Soup version 0.19-a0-1047-g4b671ad (webtiles) character file.

225 Herrn the Skirmisher (level 6, 0/56 HPs)
             Began as a Naga Fighter on July 31, 2016.
             Slain by a gnoll (3 damage)
             ... on level 3 of the Dungeon.
             The game lasted 00:03:27 (2587 turns).

Herrn the Skirmisher (Naga Fighter)                 Turns: 2587, Time: 00:03:28

Health: 0/56       AC:  7    Str: 18    XL:     6   Next: 1%
Magic:  6/6        EV:  3    Int: 11    God:
Gold:   75         SH:  8    Dex: 10    Spells: 0 memorised, 5 levels left

rFire  x . .     SeeInvis +     a - +0 war axe
rCold  + . .     Gourm    .     u - +0 chain mail
rNeg   . . .     Faith    .     c - +0 shield
rPois  +         Spirit   .     (no helmet)
rElec  .         Dismiss  .     (no cloak)
rCorr  .         Reflect  .     (no gloves)
SustAt .         Harm     .     (no barding)
MR     .....                    (no amulet)
Stlth  ..........               p - ring of ice
                                n - ring of wizardry

@: short of breath, very slow, not resistant to hostile enchantments, extremely
unstealthy
A: see invisible, deformed body, poison resistance, slowness 2, slow metabolism
1, spit poison 2, AC +2
a: Spit Poison


You were on level 3 of the Dungeon.
You were not hungry.

You visited 1 branch of the dungeon, and saw 4 of its levels.

You collected 75 gold pieces.

Inventory:

Hand Weapons
 a - a +0 war axe (weapon)
 l - a +7 club
Armour
 b - a +0 scale mail
 c - a +0 shield (worn)
 u - a +0 chain mail (worn)
Jewellery
 n - a ring of wizardry (left hand)
 p - a ring of ice (right hand)
Scrolls
 e - a scroll of remove curse {unknown}
 h - 2 scrolls of teleportation {unknown}
 k - a scroll of identify {unknown}
 q - a scroll of amnesia {unknown}
 r - a scroll of noise {unknown}
Potions
 d - a potion of degeneration {unknown}
 g - 2 potions of magic {unknown}
 i - a potion of lignification {unknown}
 j - a potion of curing {unknown}
 s - a potion of resistance {unknown}
 t - 2 potions of heal wounds {unknown}
 w - a potion of invisibility {unknown}
Comestibles
 f - 2 bread rations
 m - 2 meat rations
 o - a beef jerky
 v - a chunk of flesh


   Skills:
 + Level 3.6 Fighting
 * Level 3.3 Axes
 + Level 3.4 Armour
 * Level 2.0 Dodging
 + Level 2.9 Shields


You had 5 spell levels left.
You didn't know any spells.

Dungeon Overview and Level Annotations

Branches:
Dungeon (4/15)
 Temple: D:4-7

Altars:


Innate Abilities, Weirdness & Mutations

You cannot wear boots.
Your serpentine skin is tough. (AC +2)
You have supernaturally acute eyesight. (SInv)
Armour fits poorly on your strangely shaped body.
Your system is resistant to poisons. (rPois)
You cover ground very slowly.
You have a slow metabolism.
You can spit poison.


Message History

The gnoll is severely wounded.
The gnoll hits you but does no damage. The gnoll hits you with a whip.
* * * LOW HITPOINT WARNING * * *
You barely miss the gnoll.
The gnoll is severely wounded.
The gnoll hits you with a whip!
* * * LOW HITPOINT WARNING * * *
You slash the gnoll!
You kill the gnoll!
You have reached level 6!
Your experience leads to an increase in your attributes!
Increase (S)trength, (I)ntelligence, or (D)exterity?
You feel clever.
Your skin feels tougher.
The gnoll throws a throwing net.
You block the throwing net.
Press: ? - help, Shift-Dir - straight line, f - gnoll
Aim: a gnoll The splash of poison hits the gnoll.
The gnoll is poisoned.
The gnoll is severely wounded.
You feel slightly more hungry. The gnoll hits you.
You die...

## .. ###. #.. ## #)#
# .####### #@#.# #
.......# #######g#.#.#
.......# #.....(.....#
.......# #.......(.###
.......# #........####
.......####.##.......#
..............>....#.#
.................#.# #
####..#......†.#.#.#


You could see a gnoll.

Vanquished Creatures
  Jessica (D:2)
  6 gnolls
  5 adders
  3 oozes
  3 worms
  2 dart slugs
  4 giant geckos
  3 giant cockroaches
  7 goblins
  5 hobgoblins
  5 jackals
  5 kobolds
  A quokka (D:3)
  A ball python (D:1)
  6 bats
  4 giant newts
  14 rats
75 creatures vanquished.

Notes
Turn   | Place    | Note
-------+----------+-------------------------------------------
     0 | D:1      | Herrn the Naga Fighter began the quest for the Orb.
     0 | D:1      | Reached XP level 1. HP: 21/21 MP: 1/1
    76 | D:1      | Reached XP level 2. HP: 28/28 MP: 2/2
   183 | D:1      | Reached XP level 3. HP: 27/34 MP: 3/3
   516 | D:2      | Noticed Jessica
   528 | D:2      | Killed Jessica
   528 | D:2      | Reached skill level 1 in Dodging
   528 | D:2      | Reached XP level 4. HP: 27/42 MP: 4/4
  1154 | D:2      | Reached XP level 5. HP: 48/49 MP: 5/5
  2585 | D:3      | HP: 2/49 [gnoll/whip (8)]
  2586 | D:3      | Reached XP level 6. HP: 2/56 MP: 6/6
  2587 | D:3      | Slain by a gnoll

Vault maps used:
D:1:      onia_arrival_handbag
D:2:      uniq_jessica
D:3:      uniq_natasha
D:4:      lemuel_doored_altar, lemuel_blue_sif_altar

Skill      XL: |  1  2  3  4  5 |
---------------+----------------+-----
Dodging        | 1 2 |  2.0
Armour         | 3 |  3.4
Axes           | 3 |  3.3
Fighting       | |  3.6
Shields        | |  2.9

Action                   |  1- 3 |  4- 6 || total
-------------------------+-------+-------++-------
Melee: War axe           |   104 |   161 ||   265
 Abil: Spit Poison       |       |     2 ||     2
  Use: Potion            |       |     1 ||     1
  Eat: Chunk             |       |     4 ||     4
Armor: Scale mail        |    48 |    58 ||   106
       Chain mail        |       |     3 ||     3
Dodge: Dodged            |    32 |    40 ||    72
Block: Shield            |    55 |    88 ||   143
